 Dungeon Crawl Stone Soup version 0.31-a0-202-g547052bce9 (webtiles) character file.

Game seed: 17137690673925148346

865 qw the Skirmisher (level 7, -5/40 HPs)
             Began as a Deep Elf Hunter on June 26, 2023.
             Killed from afar by an orc wizard (10 damage)
             ... with a puff of flame
             ... on level 4 of the Dungeon.
             The game lasted 00:02:18 (4412 turns).

qw the Skirmisher (Deep Elf Hunter)                 Turns: 4412, Time: 00:02:18

Health: -5/40      AC:  5    Str: 10    XL:     7   Next: 72%
Magic:  9/9        EV: 11    Int: 14    God:
Gold:   153        SH:  0    Dex: 18    Spells: 6/6 levels left

rFire   . . .        Y - +0 shortbow (freeze)
rCold   . . .        (shield currently unavailable)
rNeg    . . .        j - +0 ring mail
rPois   .            (no helmet)
rElec   .            (no cloak)
rCorr   .            (no gloves)
SInv    .            (no boots)
Will    .....        f - amulet of faith
Stlth   +            (no ring)
HPRegen 0.26/turn    (no ring)
MPRegen 0.11/turn

%: faith
@: no status effects
A: no striking features
a: no special abilities


You were on level 4 of the Dungeon.
You visited 1 branch of the dungeon, and saw 4 of its levels.
You also visited: Sewer.

You collected 153 gold pieces.


   Skills:
 - Level 2.0 Fighting
 - Level 12.1 Ranged Weapons
 + Level 0.2 Armour
 - Level 3.1 Dodging
 - Level 1.2 Stealth


You had 6 spell levels left.
You didn't know any spells.
Your spell library was empty.

Inventory:

Hand Weapons
 Y - a +0 shortbow of freezing (weapon)
Armour
 j - a +0 ring mail (worn)
Jewellery
 d - an amulet of reflection
 f - an amulet of faith (around neck)
Scrolls
 h - a scroll of identify
Potions
 a - a potion of magic {unknown}
 g - a potion of curing
 i - a potion of might
 k - a potion of invisibility {unknown}

Dungeon Overview and Level Annotations

Branches:
Dungeon (4/15)              Sewer (visited)
 Temple: D:4-7

Altars:
Nemelex Xobeh

Annotations:
D:3 3 runed translucent doors, qw's ghost, amateur DEHu
D:4 Grinder


Message History

As you read the scroll of teleportation, it crumbles to dust.
You feel strangely unstable. The orc barely misses you. Grinder hits you.
You writhe in agony.
You shoot an arrow. The arrow hits Grinder!
The arrow freezes Grinder.
Grinder is severely wounded.
The orc hits you with a +0 club. Grinder barely misses you.
You shoot an arrow. The arrow barely misses Grinder.
The orc hits you but does no damage. Grinder closely misses you.
You shoot an arrow. The arrow hits Grinder.
Grinder is severely wounded.
You shoot an arrow. The arrow hits Grinder.
Grinder is severely wounded.
Your surroundings seem slightly different.
An orc wizard comes into view. It is wielding a +0 dagger.
Grinder blinks!
You shoot an arrow.
The arrow closely misses the orc wizard.
The orc wizard shouts!
You hear a shout!
You shoot an arrow. The arrow hits the orc wizard.
The arrow freezes the orc wizard.
The orc wizard is lightly wounded.
Grinder blinks!
You shoot an arrow.
The arrow closely misses the orc wizard.
Grinder blinks!
You shoot an arrow. The arrow barely misses the orc wizard.
You shoot an arrow.
The arrow hits the orc wizard but does no damage.
The orc wizard is lightly wounded.
The orc wizard hits you but does no damage.
The orc hits you but does no damage.
You shoot an arrow. The arrow misses the orc wizard.
The orc wizard hits you but does no damage.
The orc closely misses you.
Grinder blinks!
You shoot an arrow.
The arrow closely misses the orc wizard.
The orc wizard gestures at you while chanting.
The puff of flame hits you!
You die...

##############
#..@o........#
#..o.....ยค...#
##..##..##..##
#..##..##..##
....#......<#
'....+......##
##.###..##..#
#. ### ####


You could see an orc wizard and an orc.

Vanquished Creatures
  Sigmund (D:2)
  7 kobold brigands (Sewer)
  Natasha (thrice) (D:2)
  5 adders
  3 river rats
  3 worms (Sewer)
  2 dart slugs (D:1)
  An orc (D:4)
  7 ball pythons
  3 bats
  6 endoplasms
  2 giant cockroaches
  4 goblins
  4 hobgoblins
  5 quokkas
  A frilled lizard (D:1)
  11 kobolds
  15 rats
83 creatures vanquished.

Notes
Turn   | Place    | Note
-------+----------+-------------------------------------------
     0 | D:1      | qw the Deep Elf Hunter began the quest for the Orb.
     0 | D:1      | Reached XP level 1. HP: 12/12 MP: 3/3
     0 | D:1      | 0 ||| qw: Version: 0.3-a-22-g0ed2b0b
     0 | D:1      | 0 ||| qw: Game counter: 5881
     0 | D:1      | 0 ||| qw: Melee chars always use a shield: true
     0 | D:1      | 0 ||| qw: God list: Okawaru
     0 | D:1      | 0 ||| qw: Allow faded altars: false
     0 | D:1      | 0 ||| qw: Do Orc after clearing Dungeon:15 true
     0 | D:1      | 0 ||| qw: Do second Lair branch before Depths: true
     0 | D:1      | 0 ||| qw: Lair rune preference: random
     0 | D:1      | 0 ||| qw: Goals: Normal
     0 | D:1      | 0 ||| PLANNING D:1-11
   132 | D:1      | Found a faded altar of an unknown god.
   252 | D:1      | Reached XP level 2. HP: 16/16 MP: 4/4
   275 | D:1      | Reached skill level 6 in Ranged Weapons
   325 | D:1      | 325 ||| FLEEEEING.
   726 | D:1      | 726 ||| UPGRADING to amulet of reflection.
   731 | D:1      | 731 ||| READING scroll labelled BOECHU ASITH.
   732 | D:1      | 732 ||| READING scroll labelled SADOOL SEEKIZ.
   735 | D:1      | 735 ||| READING scroll labelled WELUEG TUXUR.
   736 | D:1      | 736 ||| DRINKING 2 coppery potions.
   737 | D:1      | 737 ||| DROPPING scroll of butterflies.
   777 | D:2      | Reached XP level 3. HP: 20/20 MP: 5/5
   821 | D:2      | Noticed Sigmund
   828 | D:2      | Killed Sigmund
   829 | D:2      | Reached skill level 8 in Ranged Weapons
   829 | D:2      | Reached XP level 4. HP: 18/25 MP: 6/6
   829 | D:2      | Reached XP level 5. HP: 21/29 MP: 7/7
   869 | D:2      | Found a sparkling altar of Nemelex Xobeh.
   894 | D:2      | Noticed Natasha
   896 | D:2      | 896 ||| FLEEEEING.
   904 | D:2      | Killed Natasha
   905 | D:2      | Reached skill level 9 in Ranged Weapons
  1173 | D:2      | Noticed Natasha
  1493 | D:2      | Killed Natasha
  1494 | D:2      | Reached skill level 3 in Dodging
  1560 | D:2      | Noticed Natasha
  1570 | D:2      | Killed Natasha
  1571 | D:2      | Reached XP level 6. HP: 32/35 MP: 8/8
  1785 | D:2      | 1785 ||| DROPPING amulet of guardian spirit.
  1786 | D:2      | 1786 ||| READING scroll labelled PUTESK KOPSEMA.
  1787 | D:2      | 1787 ||| READING 2 scrolls labelled YTOHAOPS ZOINE.
  1788 | D:2      | 1788 ||| DROPPING scroll of vulnerability.
  1819 | D:3      | 1819 ||| PLANNING SEWER
  2170 | D:3      | Found a runed translucent gate.
  2170 | D:3      | Found a runed translucent gate.
  2170 | D:3      | Found a runed translucent gate.
  2175 | D:3      | Noticed qw's ghost (amateur DEHu)
  2419 | D:3      | 2419 ||| Stepping ~*~*~tactically~*~*~ (water).
  2421 | D:3      | 2421 ||| Stepping ~*~*~tactically~*~*~ (water).
  2423 | D:3      | 2423 ||| Stepping ~*~*~tactically~*~*~ (water).
  2474 | D:3      | Found a glowing drain.
  2475 | D:3      | 2475 ||| UPGRADING to +0 ring mail.
  2485 | D:3      | 2485 ||| DROPPING +0 leather armour.
  2486 | D:3      | 2486 ||| UPGRADING to amulet of faith.
  2496 | D:3      | 2496 ||| READING scroll labelled KIRIHA WITIEPIPT.
  2497 | D:3      | 2497 ||| READING scroll labelled ELIOFR IDET.
  2498 | D:3      | 2498 ||| READING 2 scrolls of identify.
  2498 | D:3      | 2498 ||| IDENTIFYING yellow potion
  2502 | Sewer    | Entered a sewer
  2639 | Sewer    | Reached skill level 10 in Ranged Weapons
  2769 | Sewer    | 2769 ||| Stepping ~*~*~tactically~*~*~ (water).
  2788 | Sewer    | Reached XP level 7. HP: 15/40 MP: 9/9
  2955 | Sewer    | 2955 ||| Stepping ~*~*~tactically~*~*~ (water).
  2974 | Sewer    | Reached skill level 11 in Ranged Weapons
  3124 | Sewer    | 3124 ||| FLEEEEING.
  3272 | Sewer    | 3272 ||| Stepping ~*~*~tactically~*~*~ (water).
  3275 | Sewer    | 3275 ||| Stepping ~*~*~tactically~*~*~ (water).
  3277 | Sewer    | 3277 ||| Stepping ~*~*~tactically~*~*~ (water).
  3334 | Sewer    | 3334 ||| Stepping ~*~*~tactically~*~*~ (water).
  3378 | Sewer    | 3378 ||| Stepping ~*~*~tactically~*~*~ (water).
  3397 | Sewer    | HP: 10/40 [kobold brigand/+0 dagger (3)]
  3398 | Sewer    | 3398 ||| READING 2 scrolls of teleportation.
  3399 | Sewer    | 3399 ||| DRINKING potion of heal wounds.
  3441 | Sewer    | Reached skill level 12 in Ranged Weapons
  3505 | Sewer    | 3505 ||| Stepping ~*~*~tactically~*~*~ (water).
  3532 | Sewer    | 3532 ||| Stepping ~*~*~tactically~*~*~ (water).
  3541 | Sewer    | 3541 ||| READING scroll labelled LUSIMO TANKA.
  3542 | Sewer    | 3542 ||| DRINKING 2 ruby potions.
  3564 | D:3      | 3564 ||| PLANNING D:1-11
  4321 | D:3      | 4321 ||| Stepping randomly (stuck).
  4372 | D:4      | Noticed Grinder
  4373 | D:4      | Paralysed by Grinder for 3 turns
  4386 | D:4      | Paralysed by Grinder for 3 turns
  4398 | D:4      | Paralysed by Grinder for 2 turns
  4399 | D:4      | HP: 9/40 [Grinder (2)]
  4401 | D:4      | 4401 ||| READING scroll of teleportation.
  4401 | D:4      | HP: 4/40 [Grinder (2)]
  4412 | D:4      | Killed from afar by an orc wizard

Levels and vault maps discovered:
D:1:      minmay_arrival_widening_spiral_wide, layout_loops_ring,
          basic_ecumenical_altar, minmay_hedge_maze, serial_bayou_pond_a
D:2:      layout_basic, basic_altar, nicolae_titane, uniq_natasha, uniq_sigmund
D:3:      layout_basic, gup_sewer_entry_spiral, gammafunk_ghost_necromancy
D:4:      layout_gridville, nicolae_overflow_hidden_temple,
          gammafunk_ghost_stat_death, corexii_item_surrounded_by_moat,
          uniq_grinder, uniq_menkaure

Skill      XL: |  1  2  3  4  5  6  7 |
---------------+----------------------+-----
Ranged Weapons | 6 8 9 10 12 | 12.1
Dodging        | 3 |  3.1
Fighting       | 2 |  2.0
Armour         | |  0.2
Stealth        | |  1.2

Action                     |  1- 3 |  4- 6 |  7- 9 || total
---------------------------+-------+-------+-------++-------
   Fire: Shortbow          |    64 |   139 |   124 ||   327
    Use: Scroll            |     3 |     5 |     3 ||    11
         Potion            |     1 |       |     2 ||     3
 Armour: Leather armour    |     2 |     1 |       ||     3
         Ring mail         |       |     7 |    18 ||    25
  Dodge: Dodged            |    10 |    13 |    28 ||    51
  Block: Other             |       |     8 |       ||     8

Table legend:
 A = Non-vault XP
 B = Vault XP
 C = Vault XP percentage of total XP
 D = Non-vault monster count
 E = Vault monster count
 F = Vault count percentage of total count
                 A         B        C        D         E       F
            +---------+---------+-------+---------+---------+-------
      Total |     172 |    1065 |  86.1 |      47 |      36 |  43.4
            +---------+---------+-------+---------+---------+-------
        D:1 |      39 |       0 |   0.0 |      22 |       0 |   0.0
        D:2 |      98 |     261 |  72.7 |      11 |       2 |  15.4
        D:3 |      32 |      35 |  52.2 |      13 |       6 |  31.6
        D:4 |       3 |       0 |   0.0 |       1 |       0 |   0.0
      Sewer |       0 |     769 | 100.0 |       0 |      28 | 100.0
            +---------+---------+-------+---------+---------+-------
